 Dungeon Crawl Stone Soup version 0.23.2-40-g277498a001 (webtiles) character file.

Game seed: 5142721736535274861

907 OrcJesus the Shield-Bearer (level 7, -1/57 HPs)
             Began as a Deep Dwarf Fighter on Aug 28, 2019.
             Slain by Ijyb
             ... wielding a +10 club
              (5 damage)
             ... on level 4 of the Dungeon.
             The game lasted 00:10:59 (3328 turns).

OrcJesus the Shield-Bearer (Deep Dwarf Fighter)     Turns: 3328, Time: 00:10:59

Health: -1/57      AC: 10    Str: 22    XL:     7   Next: 81%
Magic:  7/7        EV:  8    Int:  8    God:
Gold:   136        SH: 14    Dex: 12    Spells: 6/6 levels left

rFire    . . .     SeeInvis .   a - +0 war axe
rCold    . . .     Gourm    .   c - +0 shield
rNeg     . . .     Faith    .   b - +0 scale mail
rPois    .         Spirit   .   (helmet restricted)
rElec    .         Reflect  .   (no cloak)
rCorr    .         Harm     .   g - +0 pair of gloves
MR       +....                  (no boots)
Stlth    ..........             (no amulet)
HPRegen  0.00/turn              (no ring)
MPRegen  0.10/turn              (no ring)

@: non-regenerating
A: damage resistance, heal wounds, horns 1, large bone plates 1, thin metallic
scales 1, frail 1, sense surroundings 1, no regeneration
a: Heal Wounds


You were on level 4 of the Dungeon.
You were not hungry.

You visited 1 branch of the dungeon, and saw 4 of its levels.

You collected 136 gold pieces.

Inventory:

Hand Weapons
 a - a +0 war axe (weapon)
Armour
 b - a +0 scale mail (worn)
 c - a +0 shield (worn)
 g - a +0 pair of gloves (worn)
Scrolls
 e - 2 scrolls of identify {unknown}
 h - 2 scrolls of teleportation {unknown}
 i - 3 scrolls of fear {unknown}
 j - 2 scrolls of enchant armour {unknown}
 k - 2 scrolls of remove curse {unknown}
 l - 2 scrolls of magic mapping {unknown}
 p - 3 scrolls of enchant weapon {unknown}
 q - a scroll of amnesia {unknown}
Potions
 m - a potion of flight
 n - a potion of curing
Comestibles
 d - 4 chunks of flesh
 f - 7 rations


   Skills:
 + Level 4.3 Fighting
 * Level 6.0 Axes
 + Level 5.0 Armour
 * Level 6.5 Shields


You had 6 spell levels left.
You didn't know any spells.
Your spell library was empty.

Dungeon Overview and Level Annotations

Branches:
Dungeon (4/15)
 Temple: D:4-7

Altars:
Ru
Vehumet

Annotations:
D:4 1 runed translucent door, Crazy Yiuf, Ijyb


Innate Abilities, Weirdness & Mutations

You are resistant to damage.
You can heal yourself by infusing magical energy.
You passively map a small area around you.
You do not regenerate.
You have a pair of small horns on your head.
You are partially covered in large bone plates. (SH +4)
You are partially covered in thin metallic scales. (AC +2)
You are frail. (-10% HP)


Message History

Ijyb is moderately wounded.
You block Ijyb's attack.
You slash Ijyb!
Ijyb is severely wounded.
Ijyb screams, "Me very upset!"
Ijyb hits you but does no damage.
You barely miss Ijyb.
Ijyb is severely wounded.
You closely miss the big kobold. You block the big kobold's attack.
Ijyb closely misses you. You block the big kobold's attack.
You hit Ijyb. Your headbutt misses Ijyb.
Ijyb is severely wounded.
You closely miss the big kobold. You block Ijyb's attack.
You block the big kobold's attack.
You barely miss Ijyb.
Ijyb is severely wounded.
You barely miss the big kobold. Ijyb hits you but does no damage.
The big kobold hits you but does no damage.
Ijyb hits you with a +10 club.
You die...

.## ..# ...#, #.##
...#### * #..# ....... *
##.### ....... .....#
)...... .....# .......
.....############g......
................@K......
, >*
......#.......###.......
#####.#.......# #######
#.#.......# ,
#.#.......# *
#........... ,
##.####...... ** * *
#..# #....... <
##.###.......


You could see a big kobold and Ijyb.

Vanquished Creatures
  Grinder (D:4)
  Sigmund (D:2)
  Purgy (D:3)
  A centaur (D:3)
  A bullfrog skeleton (D:4)
  3 hounds
  Natasha (thrice) (D:3)
  2 worker ants (D:4)
  4 gnolls (D:2)
  An adder (D:3)
  2 oozes (D:1)
  An adder skeleton (D:4)
  A worm (D:3)
  2 leopard geckos (D:4)
  8 orcs
  A ball python (D:2)
  5 bats
  2 giant cockroaches
  10 goblins
  5 hobgoblins
  2 jackals (D:1)
  6 kobolds
  5 frilled lizards
  7 rats
75 creatures vanquished.

Notes
Turn   | Place    | Note
-------+----------+-------------------------------------------
     0 | D:1      | OrcJesus the Deep Dwarf Fighter began the quest for the
                  | Orb.
     0 | D:1      | Reached XP level 1. HP: 20/20 MP: 1/1
   110 | D:1      | Reached XP level 2. HP: 27/27 MP: 2/2
   385 | D:1      | Reached XP level 3. HP: 24/33 MP: 3/3
   846 | D:2      | Noticed Sigmund
   860 | D:2      | Killed Sigmund
   860 | D:2      | Reached XP level 4. HP: 13/42 MP: 4/4
   860 | D:2      | Reached XP level 5. HP: 15/49 MP: 5/5
  1799 | D:2      | Reached skill level 5 in Shields
  1822 | D:2      | Reached XP level 6. HP: 19/56 MP: 6/6
  1960 | D:3      | Found a radiant altar of Vehumet.
  2156 | D:3      | Found a sacrificial altar of Ru.
  2485 | D:3      | Noticed Purgy
  2489 | D:3      | Gained mutation: You are partially covered in large bone
                  | plates. (SH +4) [potion of mutation]
  2489 | D:3      | Gained mutation: You are partially covered in thin metallic
                  | scales. (AC +2) [potion of mutation]
  2489 | D:3      | Gained mutation: You are frail. (-10% HP) [potion of
                  | mutation]
  2489 | D:3      | Gained mutation: You have a pair of small horns on your
                  | head. [potion of mutation]
  2501 | D:3      | Killed Purgy
  2501 | D:3      | Reached skill level 5 in Axes
  2559 | D:3      | Noticed Natasha
  2566 | D:3      | Killed Natasha
  2814 | D:3      | Noticed Natasha
  2817 | D:3      | Killed Natasha
  2817 | D:3      | Reached XP level 7. HP: 14/56 MP: 7/7
  2915 | D:3      | Noticed Natasha
  2924 | D:3      | Killed Natasha
  3045 | D:4      | Found a runed translucent door.
  3046 | D:4      | Noticed Crazy Yiuf
  3145 | D:4      | Noticed Grinder
  3152 | D:4      | Paralysed by Grinder for 3 turns
  3194 | D:4      | Killed Grinder
  3194 | D:4      | Reached skill level 5 in Armour
  3319 | D:4      | Noticed Ijyb
  3328 | D:4      | Slain by Ijyb

Skill      XL: |  1  2  3  4  5  6  7 |
---------------+----------------------+-----
Fighting       | 3 4 |  4.3
Axes           | 4 5 6 |  6.0
Armour         | 4 5 |  5.0
Shields        | 4 5 6 |  6.5

Action                   |  1- 3 |  4- 6 |  7- 9 || total
-------------------------+-------+-------+-------++-------
Melee: War axe           |    64 |   119 |    74 ||   257
       Headbutt          |       |     4 |    15 ||    19
 Abil: Heal Wounds       |       |     2 |     1 ||     3
  Use: Potion            |     2 |     3 |       ||     5
  Eat: Chunk             |       |     6 |     2 ||     8
Armor: Scale mail        |    26 |    51 |    19 ||    96
Dodge: Dodged            |    18 |    38 |     9 ||    65
Block: Shield            |    31 |    77 |    52 ||   160
